[Event "*** SCC Grand Prix: Titled Tuesday Blitz"]
[Site "Chess.com"]
[Date "2020.10.13"]
[Round "7"]
[White "Brave_spirit12"]
[Black "Pashinskiy_Mikhail"]
[Result "1-0"]
[WhiteElo "2487"]
[BlackElo "2348"]
[TimeControl "180+1"]
[EndTime "11:17:16 PDT"]
[Termination "Brave_spirit12 won by resignation"]

1. e4 c5 2. c3 e5 3. Nf3 Nc6 4. Bc4 Nf6 5. d4 cxd4 6. cxd4 Bb4+ 7. Bd2 Bxd2+ 8. Nbxd2 d6 9. O-O O-O 10. dxe5 dxe5 11.
h3 Be6 12. Bxe6 fxe6 13. Qb3 Qd7 14. Nc4 Nd4 15. Nxd4 exd4 16. e5 Ne4 17. Rad1 Rad8 18. Nd6 Nxd6 19. Rxd4 Qe7 20. exd6 Rxd6 21. Rxd6 Qxd6 22. Qxb7 Qd4 23. b4 e5 24. b5 e4 25.
Qc6 Kh8 26. Qe6 h6 27. Qe7 Rf6 28. Qe8+ Kh7 29. g3 Rf5 30. h4 Re5 31. Qc6 e3 32. Qc2+ Kh8 33. Rd1 exf2+ 34. Kf1 Re1+ 35. Rxe1 fxe1=Q+ 36. Kxe1 Qg1+ 37. Kd2 Qf2+ 38. Kc1 Qxg3 39. Qc4 Qe3+ 40. Kc2 g5 41. hxg5 hxg5 42. a4 Qf2+ 43. Kb3 Qe3+ 44. Qc3+ Qxc3+ 45. Kxc3 g4 46. Kd3 g3 47. Ke3 Kg7 48. a5 1-0

[Event "*** SCC Grand Prix: Titled Tuesday Blitz"]
[Site "Chess.com"]
[Date "2020.10.13"]
[Round "7"]
[White "ajedrezhoy"]
[Black "MrChampion_Coach"]
[Result "0-1"]
[WhiteElo "2231"]
[BlackElo "2362"]
[TimeControl "180+1"]
[EndTime "11:17:17 PDT"]
[Termination "MrChampion_Coach won by resignation"]

1. Nf3 Nf6 2. b3 c5 3. Bb2 Nc6 4.
g3 d5 5. Bg2 e6 6. O-O Bd6 7.
c4 d4 8. e3 e5 9. exd4 exd4 10. Re1+ Be7 11. d3 O-O 12. Nh4 Bg4 13. f3 Bd7 14. f4 Bg4 15. Bf3 Qd7 16. Nd2 Nb4 17. Ne4 Bxf3 18. Nxf3 Ng4 19. a3 Nc6 20. Qd2 f5 21. Neg5 Bxg5 22. Nxg5 Rae8 23. Qg2 Ne3 24. Qf3 h6 25. Nh3 Nc2 26. Rxe8 Rxe8 27. Rc1 Ne3 28. Nf2 Na5 29. b4 Nb3 30. Re1 b6 31. Re2 Kh7 32. h3 Re6 33. g4 Qe7 34. gxf5 Nxf5 35.
Ne4 Ne3 36. Kh2 Qf7 37. Rf2 Rg6 38. f5 Qc7+ 39. Qf4 Rg2+ 40. Rxg2 Qxf4+ 41. Rg3 Nf1+ 42. Kg2 Nxg3 43. Nxg3 Nd2 44. Bc1 Qf3+ 45. Kh2 Qf2+ 0-1

[Event "*** SCC Grand Prix: Titled Tuesday Blitz"]
[Site "Chess.com"]
[Date "2020.10.13"]
[Round "7"]
[White "Bigfish1995"]
[Black "Gabix_94"]
[Result "1-0"]
[WhiteElo "3091"]
[BlackElo "2785"]
[TimeControl "180+1"]
[EndTime "11:17:18 PDT"]
[Termination "Bigfish1995 won by resignation"]

1. d4 d5 2. c4 e6 3. Nf3 a6 4. Bg5 Be7 5. Bxe7 Qxe7 6. Nbd2 Nf6 7. Rc1 O-O 8. g3 b6 9. Bg2 Bb7 10. cxd5 exd5 11. Qc2 c6 12. O-O Nbd7 13. e3 Rac8 14. Qb3 Rc7 15. Rc2 c5 16. dxc5 bxc5 17. Qa3 Qd8 18.
Rfc1 h6 19. Nb3 c4 20. Na5 Ba8 21. b3 Rc5 22. b4 Rc8 23. Nd4 Ne5 24. Bf1 Re8 25.
Nab3 Ne4 26. Nd2 Nxf2 27. Kxf2 Ng4+ 28. Kg1 Rxe3 29. Qxa6 Rb8 30. Bh3 Ne5 31. b5 Nd3 32.
Rf1 Qe7 33. Nf5 Qc5 34. Nxe3 Qxe3+ 35. Kh1 d4+ 36. Bg2 Bxg2+ 37. Kxg2 Qe2+ 38. Kg1 Qe3+ 39. Kh1 Nf2+ 40. Kg2 Ng4 41. Nf3 Qe4 42. Rcf2 Nxf2 43. Rxf2 c3 44. Qd6 Rxb5 45. Qxd4 Qc6 46. Rc2 Rc5 47. Kf2 Rc4 48. Qd8+ Kh7 49. Qd3+ g6 50. Ne5 Qf6+ 51. Kg2 Rc7 52. Nf3 Rc5 53. h4 h5 54. Ng5+ Kg7 55. Ne4 Qc6 56. Rxc3 Rxc3 57. Qxc3+ 1-0

[Event "*** SCC Grand Prix: Titled Tuesday Blitz"]
[Site "Chess.com"]
[Date "2020.10.13"]
[Round "7"]
[White "Alexsur1981"]
[Black "Hikaru"]
[Result "0-1"]
[WhiteElo "2806"]
[BlackElo "3217"]
[TimeControl "180+1"]
[EndTime "11:17:19 PDT"]
[Termination "Hikaru won on time"]

1. e4 e5 2. Bc4 Nc6 3. d3 Bc5 4. Nc3 d6 5. Na4 Bb6 6. Nxb6 axb6 7. c3 Be6 8. Bb5 Ne7 9. Ne2 O-O 10. O-O f5 11. f3 d5 12. Bg5 Qd6 13. Bxc6 bxc6 14. Qc2 Ng6 15. Be3 c5 16. c4 d4 17. Bd2 f4 18. a3 Bd7 19. Be1 Ne7 20. b4 cxb4 21. Bxb4 c5 22. Be1 Ba4 23. Qb2 g5 24. g4 Rfb8 25. h4 b5 26. Qc1 h6 27. Rf2 Qe6 28.
hxg5 bxc4 29. dxc4 hxg5 30. Rh2 Be8 31. a4 Rb3 32.
Kg2 Bg6 33. Rb1 Rxb1 34. Qxb1 Qxc4 35. Kf2 Qa6 36. Qb3+ Kg7 37. Nc1 c4 38. Qb4 Qe6 39. a5 c3 40. Qc5 Rc8 41. Qb5 Be8 42. Qb7 Bc6 43. Qb6 Bd7 44. Qb7 Qc6 45. Qb4 Ng6 46. Nd3 Qa6 47. Ke2 Bb5 0-1

[Event "*** SCC Grand Prix: Titled Tuesday Blitz"]
[Site "Chess.com"]
[Date "2020.10.13"]
[Round "7"]
[White "starworld123"]
[Black "Savagelittlemole"]
[Result "0-1"]
[WhiteElo "2715"]
[BlackElo "2592"]
[TimeControl "180+1"]
[EndTime "11:17:19 PDT"]
[Termination "Savagelittlemole won by checkmate"]

1. Nf3 Nf6 2. g3 g6 3. Bg2 Bg7 4. O-O O-O 5. c4 d6 6. d4 Nbd7 7. Nc3 e5 8. e4 Re8 9. h3 exd4 10.
Nxd4 Nc5 11. Re1 a5 12. Qc2 Bd7 13. Ndb5 Bxb5 14. cxb5 h6 15. Be3 Nfd7 16. Rad1 Kh7 17. f4 Rc8 18. e5 Re6 19. Bd5 Re7 20. f5 Rxe5 21. Bxf7 gxf5 22. Bf4 Rxe1+ 23. Rxe1 Qf6 24. Be8 Ne5 25. Nd5 Qf8 26. Bh5 c6 27. bxc6 bxc6 28.
Ne3 Ned3 29. Rf1 Bd4 30. Kh2 Kh8 31. Bg6 Nxf4 32. Rxf4 Bxe3 33. Rxf5 Qg7 34. Rf7 Qe5 35. Rh7+ Kg8 36. Bf7+ Kf8 37. Qg6 Qxb2+ 38. Kh1 Qc1+ 39. Kg2 Qd2+ 40. Kf3 Qf2+ 41. Kg4 Qe2+ 42. Kf5 Qf3# 0-1

[Event "*** SCC Grand Prix: Titled Tuesday Blitz"]
[Site "Chess.com"]
[Date "2020.10.13"]
[Round "7"]
[White "aisha_zakirova"]
[Black "PavelChernomordik"]
[Result "0-1"]
[WhiteElo "2170"]
[BlackElo "2329"]
[TimeControl "180+1"]
[EndTime "11:17:22 PDT"]
[Termination "PavelChernomordik won on time"]

1. d4 g6 2. c4 Bg7 3. Nc3 d6 4.
e4 c6 5. Be2 Nf6 6. Nf3 O-O 7.
O-O a6 8. h3 b5 9. e5 dxe5 10. Nxe5 Nfd7 11. f4 bxc4 12. Bxc4 Nb6 13. Bb3 a5 14. Be3 Nd5 15. Nxd5 cxd5 16. Qf3 e6 17. a4 Qb6 18. Bf2 Nc6 19. Nxc6 Qxc6 20. Rac1 Qb6 21. Rc5 Ba6 22. Rfc1 Rab8 23. R1c3 Qb4 24.
Qe3 Rfc8 25. Rxc8+ Rxc8 26. Rxc8+ Bxc8 27. Qc3 Qxc3 28. bxc3 Ba6 29. f5 gxf5 30. Bg3 Bh6 31. Bc7 Bd2 32.
Bxa5 Kg7 33. Bb4 Kg6 34. Kf2 Kg5 35. Bd1 Kf4 36. Be2 Be3+ 37. Kf1 Bb7 38. a5 e5 39. Bd6 f6 40. a6 Bc6 41. Bd3 Bd2 42. dxe5 fxe5 43. Bb4 e4 44. Be2 d4 45. cxd4 Bxb4 46. a7 Ke3 0-1

[Event "*** SCC Grand Prix: Titled Tuesday Blitz"]
[Site "Chess.com"]
[Date "2020.10.13"]
[Round "7"]
[White "elohunter1999"]
[Black "IANOV0007"]
[Result "1-0"]
[WhiteElo "2614"]
[BlackElo "2445"]
[TimeControl "180+1"]
[EndTime "11:17:23 PDT"]
[Termination "elohunter1999 won by checkmate"]

1. e4 d6 2. d4 Nf6 3. Nc3 c6 4. f4 Qb6 5. Nf3 Bg4 6. Bd3 Bxf3 7. Qxf3 Qxd4 8. Be3 Qb4 9. e5 Qxb2 10. O-O Qxc3 11.
exf6 Qxf6 12. Rab1 b6 13. Ba6 Nd7 14. Qxc6 Rd8 15.
a4 e6 16. a5 Be7 17. axb6 axb6 18. Bxb6 O-O 19. Bxd8 Rxd8 20. Bd3 Nc5 21. Kh1 g6 22.
Qc7 Kg7 23. Rb8 Rxb8 24. Qxb8 Nxd3 25. cxd3 Qd4 26. Qb3 d5 27. Qc2 Bf6 28. Qe2 h5 29. g3 Qc3 30. Kg2 Bd4 31. Rb1 Qc6 32. Qd2 Bc3 33.
Qc2 d4+ 34. Kg1 h4 35. Qg2 Qa6 36. Qe2 hxg3 37. hxg3 Qa5 38. Kg2 Qd5+ 39. Kg1 Kf6 40. Rf1 Bb4 41. Qf3 Qa5 42. Qe4 Qc5 43. g4 Kg7 44. f5 exf5 45. gxf5 Bd2 46. Kg2 Be3 47. f6+ Kh7 48. Rh1+ Bh6 49. Kf2 Qg5 50. Qh4 Qd2+ 51. Kg1 Qd1+ 52. Kg2 Qe2+ 53. Qf2 Qxd3 54. Rxh6+ Kxh6 55. Qh4# 1-0

[Event "*** SCC Grand Prix: Titled Tuesday Blitz"]
[Site "Chess.com"]
[Date "2020.10.13"]
[Round "7"]
[White "WildTricks"]
[Black "mfwagnerpeixoto"]
[Result "1-0"]
[WhiteElo "2449"]
[BlackElo "2258"]
[TimeControl "180+1"]
[EndTime "11:17:23 PDT"]
[Termination "WildTricks won on time"]

1. e4 c5 2. Nf3 d6 3. d4 cxd4 4. Qxd4 a6 5. Be2 Nc6 6. Qe3 g6 7. O-O Bg4 8. Rd1 Bxf3 9. Bxf3 Nf6 10. e5 Nxe5 11. Bxb7 Rb8 12. Bxa6 Bg7 13. Be2 O-O 14. Nc3 Nfg4 15. Qg3 Nf6 16. b3 Qb6 17. Bb2 Rfc8 18.
Na4 Qa7 19. Rac1 Ne4 20. Qf4 f5 21. Bd4 Qa5 22. c4 Rf8 23. Qe3 Bf6 24. f3 Bg5 25. f4 Bh6 26. Bf3 Nf7 27. Bxe4 fxe4 28. Qxe4 e5 29. Be3 exf4 30. Bxf4 Bxf4 31. Qxf4 Ne5 32.
Qd4 Rf6 33. Qd5+ Qxd5 34. Rxd5 Rbf8 35. c5 Ng4 36. Rxd6 Rf2 37. Re6 Rxa2 38. Rf1 Rxf1+ 39. Kxf1 Nxh2+ 40. Ke1 Rc2 41. c6 Kf7 42. Rd6 Ng4 43. Nb6 Ne3 44. Nd5 Nxg2+ 45. Kf1 Nh4 46. c7 Nf3 47.
Rd8 1-0

[Event "*** SCC Grand Prix: Titled Tuesday Blitz"]
[Site "Chess.com"]
[Date "2020.10.13"]
[Round "7"]
[White "frederiksvane"]
[Black "Lion-Al-Messi"]
[Result "1-0"]
[WhiteElo "2691"]
[BlackElo "2549"]
[TimeControl "180+1"]
[EndTime "11:17:24 PDT"]
[Termination "frederiksvane won by resignation"]

1. e4 e6 2. d4 d5 3. Nd2 c5 4.
exd5 Qxd5 5. Ngf3 cxd4 6. Bc4 Qd6 7. O-O Nf6 8. Nb3 Nc6 9. Nbxd4 Nxd4 10. Nxd4 Be7 11.
c3 O-O 12. Qf3 a6 13. Bb3 e5 14. Nf5 Bxf5 15. Qxf5 Rad8 16. Bg5 g6 17. Qh3 Ne4 18. Be3 Bf6 19. Rad1 Qe7 20. Qf3 Ng5 21. Qe2 Ne6 22.
Qc4 Bg7 23. Qe4 Kh8 24. Qc4 h5 25. h3 Qf6 26. Qb4 b5 27. Rd6 Rxd6 28. Qxd6 a5 29. Bxe6 fxe6 30. Rd1 Kh7 31. Qb6 b4 32. cxb4 axb4 33.
Qxb4 Rf7 34. Qd2 e4 35. b3 Rb7 36. Qc2 Qf5 37. Qc8 Rb5 38. Rd7 Rd5 39. Qb7 Rxd7 40.
Qxd7 g5 41. Qd1 g4 42. hxg4 hxg4 43. g3 Kg6 44. a4 Qd5 45. Qxd5 exd5 46. a5 d4 47. a6 d3 48. a7 Bd4 49. a8=Q 1-0

[Event "*** SCC Grand Prix: Titled Tuesday Blitz"]
[Site "Chess.com"]
[Date "2020.10.13"]
[Round "7"]
[White "IngOscarArdila"]
[Black "Aguiar94"]
[Result "0-1"]
[WhiteElo "2163"]
[BlackElo "2578"]
[TimeControl "180+1"]
[EndTime "11:17:25 PDT"]
[Termination "Aguiar94 won on time"]

1. d4 Nf6 2. c4 e6 3. Nc3 Bb4 4. Bd2 O-O 5. e3 Re8 6. Bd3 e5 7. dxe5 Rxe5 8. Nf3 Re8 9. Qc2 h6 10.
O-O c6 11. a3 Bf8 12. Rad1 a5 13. Rfe1 Na6 14. Ne4 Nxe4 15. Bxe4 Nc5 16. Bh7+ Kh8 17. Bf5 d6 18. Bc3 Bxf5 19. Qxf5 Kg8 20. Rd4 Na4 21.
Rf4 Qc7 22. Bd4 c5 23. Bf6 Re6 24. Rg4 Kh8 25. Bh4 Rae8 26. b3 Nc3 27. Qc2 Ne4 28. Nd2 f5 29. Rf4 Nxd2 30. Qxd2 g5 31. Rxf5 gxh4 32.
Qe2 Qg7 33. Qf3 Be7 34. h3 Bf6 35. Qd5 Be5 36. Qf3 Rf6 37. Rxf6 Bxf6 38. Qd5 Be5 39. Rd1 Qf8 40. b4 axb4 41. axb4 cxb4 42. c5 dxc5 43. Qe4 b3 44. Qc4 b2 45. Qc2 Rd8 46. Rb1 Qg7 47. Qxc5 Bc3 48. f4 Bd2 49. Kh2 Qg3+ 0-1

[Event "*** SCC Grand Prix: Titled Tuesday Blitz"]
[Site "Chess.com"]
[Date "2020.10.13"]
[Round "7"]
[White "Zhigalko_Sergei"]
[Black "swimmerchess"]
[Result "1-0"]
[WhiteElo "2927"]
[BlackElo "2773"]
[TimeControl "180+1"]
[EndTime "11:17:26 PDT"]
[Termination "Zhigalko_Sergei won by resignation"]

1. e4 c5 2. Nf3 Nc6 3. c3 e5 4.
Bc4 Nf6 5. Ng5 d5 6. exd5 b5 7. Bxb5 Qxd5 8. O-O a6 9. Qa4 axb5 10. Qxa8 Qd7 11. Na3 Be7 12. Nxb5 O-O 13. Qa4 Bb7 14. d4 cxd4 15. cxd4 Nxd4 16. Nc3 Qg4 17. f3 Qh4 18. Be3 Bc5 19. Rae1 Nd5 20. g3 Nxc3 21. Qd7 Nce2+ 22. Kg2 Bc8 23. Qxc8 Rxc8 24.
gxh4 Bb4 25. Rd1 Nf5 26. Bf2 Nf4+ 27. Kh1 h6 28. Ne4 Rc2 29. a3 Be7 30. b4 Nxh4 31.
Rd2 Rc8 32. Bxh4 Bxh4 33. b5 Bd8 34. a4 Bb6 35. Ra2 Bd4 36. a5 Nd5 37. b6 Nb4 38.
Ra4 Na6 39. b7 Rb8 40. Rb1 f5 41. Nd6 Nc5 42. Rc4 1-0

[Event "*** SCC Grand Prix: Titled Tuesday Blitz"]
[Site "Chess.com"]
[Date "2020.10.13"]
[Round "7"]
[White "oogee"]
[Black "Sn00pPawn"]
[Result "1-0"]
[WhiteElo "2221"]
[BlackElo "1974"]
[TimeControl "180+1"]
[EndTime "11:17:26 PDT"]
[Termination "oogee won by checkmate"]

1. e4 c5 2. Nc3 Nc6 3. f4 g6 4. Nf3 Bg7 5. Bb5 Nd4 6. Bc4 e6 7. d3 Ne7 8. a4 O-O 9. e5 d6 10. exd6 Qxd6 11. Ne4 Qc7 12. c3 Nxf3+ 13. Qxf3 b6 14. Nd6 Qxd6 15. Qxa8 Nc6 16. Bb5 Bd7 17. Qb7 Rb8 18. Bxc6 Rxb7 19. Bxb7 Qxd3 20. Bf3 Bxc3+ 21. Kf2 Bxb2 22. Bxb2 Qc2+ 23. Kg3 Qxb2 24. Rhd1 e5 25. Rab1 exf4+ 26. Kxf4 Qf6+ 27. Kg3 Bf5 28. Rbc1 h5 29. Rc4 Be6 30. Re4 Qg5+ 31. Kf2 Bf5 32. Re8+ Kg7 33. Rdd8 Qh4+ 34. Kg1 Qxa4 35. Re7 Kf6 36. Re3 c4 37. Bd5 Qb4 38. Rde8 c3 39. R8e7 Qc5 40. Rxf7+ Kg5 41. h4+ Kh6 42. Re7 c2 43. Bg8 c1=Q+ 44. Kh2 Q1xe3 45. Rh7# 1-0

[Event "*** SCC Grand Prix: Titled Tuesday Blitz"]
[Site "Chess.com"]
[Date "2020.10.13"]
[Round "7"]
[White "VerdeNotte"]
[Black "BillieKimbah"]
[Result "0-1"]
[WhiteElo "2829"]
[BlackElo "2940"]
[TimeControl "180+1"]
[EndTime "11:17:27 PDT"]
[Termination "BillieKimbah won by resignation"]

1. e4 e5 2. Nf3 d6 3. d4 exd4 4. Nxd4 Nf6 5. Nc3 Be7 6. Bc4 O-O 7. O-O Re8 8. Re1 c6 9. Bf4 Bf8 10. a4 Nbd7 11. Nf3 Nc5 12. e5 dxe5 13. Qxd8 Rxd8 14. Bxe5 Be6 15. Bxe6 Nxe6 16. Bxf6 gxf6 17. Ne4 f5 18. Ng3 f4 19. Nh5 Bg7 20. Nxg7 Kxg7 21. Rad1 Kf6 22.
Kf1 a5 23. Rxd8 Rxd8 24. Ke2 Nc5 25. Ra1 h5 26. Nd2 Rd4 27. b3 Rd5 28. Nc4 Ne6 29.
c3 h4 30. f3 Rg5 31. Kf2 Rc5 32. Rc1 Nc7 33. Nd6 Rd5 34. Nxb7 Rd2+ 35. Kg1 Nd5 36. Nxa5 Ne3 37. Nxc6 Rxg2+ 38. Kh1 h3 39. a5 Ra2 40. b4 Ng2 41. Nd4 Ke5 42. Rb1 Kd6 43.
b5 Kc7 44. a6 Kb6 45. c4 Nh4 46. c5+ Kxc5 47. b6 Kxd4 48. Rb4+ Ke3 49. Rb3+ Kd4 50.
Rb4+ Kc5 51. Rb1 Nxf3 52. Rc1+ Kd4 53. Rd1+ Ke3 54. Re1+ Nxe1 55. a7 Nf3 0-1

[Event "*** SCC Grand Prix: Titled Tuesday Blitz"]
[Site "Chess.com"]
[Date "2020.10.13"]
[Round "7"]
[White "Matveev_Vladimir"]
[Black "realmadridtv"]
[Result "1-0"]
[WhiteElo "2682"]
[BlackElo "2409"]
[TimeControl "180+1"]
[EndTime "11:17:27 PDT"]
[Termination "Matveev_Vladimir won by checkmate"]

1. d4 Nf6 2. c4 e6 3. Nf3 Bb4+ 4. Bd2 Bxd2+ 5. Qxd2 Nc6 6. Nc3 d5 7. e3 O-O 8. Be2 Qe7 9. cxd5 exd5 10. h3 Bf5 11.
O-O Rfe8 12. Rac1 Rad8 13. Bb5 Bd7 14. Na4 Ne4 15. Qd1 a6 16. Bxc6 Bxc6 17. Nc5 Bb5 18.
Re1 b6 19. Nxe4 dxe4 20. Nd2 c5 21. Nb3 a5 22. Qh5 a4 23. Nd2 g6 24. Qh6 cxd4 25. exd4 Rxd4 26. Nb1 Rc4 27. Nc3 Bc6 28. a3 b5 29. Nd1 Rxc1 30. Qxc1 Qf6 31. Qc5 Re5 32. Qb6 Rg5 33. Ne3 h5 34. Rd1 Kg7 35. Rc1 Be8 36. Qb8 Re5 37. Rc8 Qe6 38. Rd8 f5 39. g3 h4 40. gxh4 f4 41. Ng4 Rc5 42.
Rxe8 Rc1+ 43. Kh2 Qf7 44. Qd8 Rc4 45. Re7 Rc7 46. Rxc7 g5 47. Qf6+ Kh7 48. Qxf7+ Kh8 49. Qg7# 1-0

[Event "*** SCC Grand Prix: Titled Tuesday Blitz"]
[Site "Chess.com"]
[Date "2020.10.13"]
[Round "7"]
[White "Matols"]
[Black "Khnykin_Nikolay"]
[Result "1-0"]
[WhiteElo "2236"]
[BlackElo "2040"]
[TimeControl "180+1"]
[EndTime "11:17:27 PDT"]
[Termination "Matols won by resignation"]

1. d4 e6 2. c4 b6 3. e4 Bb7 4. f3 d6 5. Be3 Nf6 6. Bd3 Be7 7. Ne2 Nbd7 8. O-O O-O 9. Nbc3 a6 10. b4 Rc8 11. Rb1 Ba8 12. d5 Ne5 13. h3 c5 14.
bxc5 dxc5 15. f4 Nxd3 16. Qxd3 exd5 17. exd5 Bd6 18. Ng3 Bb8 19. Nf5 Re8 20. Rfe1 Qd7 21. Rxb6 Bc7 22. Rxa6 Bb7 23. Ra3 Bxf4 24. Nb5 Bxe3+ 25.
Rxe3 Rxe3 26. Nxe3 Re8 27. Rb3 h6 28. Qf1 Ne4 29.
Qf4 g5 30. Qg4 Qxg4 31. Nxg4 Nd2 32. Nf6+ Kf8 33. Nxe8 Nxb3 34. axb3 Kxe8 35. Nd6+ Kd7 36. Nxb7 Kc7 37. Nxc5 Kd6 38. Nd3 f6 39. Kf2 f5 40.
Kf3 h5 41. g4 fxg4+ 42. hxg4 h4 43. b4 Kc7 44. c5 Kd7 45. b5 Kc7 46. b6+ Kb7 47. d6 Kc6 48. Ne5+ Kb7 49. d7 h3 50. d8=Q h2 51. Qc7+ Ka6 52. Qa7+ 1-0

[Event "*** SCC Grand Prix: Titled Tuesday Blitz"]
[Site "Chess.com"]
[Date "2020.10.13"]
[Round "7"]
[White "GregShahade"]
[Black "sergeikim"]
[Result "1-0"]
[WhiteElo "2646"]
[BlackElo "2520"]
[TimeControl "180+1"]
[EndTime "11:17:28 PDT"]
[Termination "GregShahade won on time"]

1. e4 e5 2. Nf3 Nc6 3. Bb5 a6 4. Ba4 Nf6 5. O-O b5 6. Bb3 Bc5 7. a4 Bb7 8. c3 d6 9. d4 Bb6 10.
Bg5 h6 11. Bxf6 Qxf6 12. Bd5 exd4 13. cxd4 O-O 14. Qc1 Na5 15. Bxb7 Nxb7 16. axb5 axb5 17. Rxa8 Rxa8 18. Qc6 Rb8 19. Nc3 Nd8 20. Qxb5 c6 21. Qd3 Ne6 22. e5 dxe5 23. dxe5 Qf4 24. Qe4 Qxe4 25.
Nxe4 Bd4 26. Nxd4 Nxd4 27. Rb1 Rb5 28. f3 Rxe5 29. Rd1 Rd5 30. Kf2 Ne6 31. Rxd5 cxd5 32.
Nc3 d4 33. Nb5 Kf8 34. g3 Ke7 35. Ke2 Kd7 36. Kd3 Ng5 37. Nxd4 g6 38. f4 Nh7 39. b4 Nf6 40. b5 Nd5 41. Ke4 Nc3+ 42. Ke5 Na4 43.
Kf6 Ke8 44. f5 gxf5 45. Nxf5 Nb6 46. Nxh6 Nd5+ 47. Kg7 f6 48. Nf5 Kd7 49. h4 Ke6 50. Kg6 Nb6 51. h5 Nd7 52. Nd4+ Ke7 53. h6 Ne5+ 54.
Kg7 1-0

[Event "*** SCC Grand Prix: Titled Tuesday Blitz"]
[Site "Chess.com"]
[Date "2020.10.13"]
[Round "7"]
[White "ClydeHillKid"]
[Black "mr65"]
[Result "0-1"]
[WhiteElo "2303"]
[BlackElo "2174"]
[TimeControl "180+1"]
[EndTime "11:17:28 PDT"]
[Termination "mr65 won by resignation"]

1. e4 e5 2. Nf3 Nc6 3. Bc4 Nf6 4. d3 Bc5 5. c3 O-O 6. O-O d5 7. exd5 Nxd5 8. b4 Bb6 9. h3 a6 10. Re1 Nf6 11. Nxe5 Nxe5 12. Rxe5 Re8 13. Rxe8+ Qxe8 14. d4 Be6 15. Bd3 Rd8 16. Bg5 Qe7 17. Nd2 h6 18. Bh4 g5 19. Bg3 c6 20. Ne4 Nxe4 21. Bxe4 f5 22. Bd3 f4 23. Bh2 Bd5 24. Qh5 Qg7 25. Re1 Bf7 26. Qf3 Re8 27. Rxe8+ Bxe8 28. Qe4 Bf7 29. f3 Bxa2 30. Kf1 Bf7 31. Bg1 Kf8 32. Bf2 Qf6 33. c4 Qe6 34. Qxe6 Bxe6 35. Ke2 Bf7 36. Kd2 a5 37. bxa5 Bxa5+ 38. Kc2 Ke7 39. Kb3 b5 40. Be2 Kd6 41. h4 Bd2 42. hxg5 hxg5 43.
Kc2 Be3 44. Bxe3 fxe3 45. cxb5 cxb5 46. Bxb5 Bg6+ 47. Bd3 e2 48. Kd2 Bxd3 49. g3 Kd5 50.
f4 gxf4 51. gxf4 Kxd4 52. f5 Ke5 53. Kxd3 e1=Q 0-1

[Event "*** SCC Grand Prix: Titled Tuesday Blitz"]
[Site "Chess.com"]
[Date "2020.10.13"]
[Round "7"]
[White "Loy_Konstantin"]
[Black "Vision_64"]
[Result "1-0"]
[WhiteElo "2355"]
[BlackElo "2215"]
[TimeControl "180+1"]
[EndTime "11:17:29 PDT"]
[Termination "Loy_Konstantin won on time"]

1. e4 c5 2. Nf3 Nc6 3. Nc3 e6 4. Bb5 g6 5. Bxc6 dxc6 6. d4 cxd4 7. Nxd4 Bg7 8. Be3 Nf6 9. f3 e5 10. Nb3 Qc7 11. Bc5 Bf8 12. Bxf8 Kxf8 13. Qd2 b6 14. Qh6+ Ke7 15. O-O-O Be6 16. Qg5 a5 17.
f4 h6 18. Qh4 a4 19. fxe5 Qxe5 20. Nd4 Rhc8 21. a3 Qg5+ 22. Qxg5 hxg5 23. h3 Nh5 24. Nxe6 Kxe6 25. Ne2 Nf4 26. Nxf4+ gxf4 27. Rhf1 g5 28. Rd4 Rd8 29. Rfd1 Rxd4 30. Rxd4 Ke5 31. Rb4 b5 32. c4 Rb8 33. cxb5 cxb5 34. Kd2 Rd8+ 35. Ke2 Rb8 36. Kf3 f6 37. Kg4 Kd6 38. Kf5 Kc5 39. Kxf6 Rg8 40. Kf7 Rd8 41. e5 Kd5 42. e6 Kd6 43. e7 Rd7 44. Rd4+ Kc7 45. Rxd7+ Kxd7 46. e8=Q+ 1-0

[Event "*** SCC Grand Prix: Titled Tuesday Blitz"]
[Site "Chess.com"]
[Date "2020.10.13"]
[Round "7"]
[White "mamonika"]
[Black "Sacbutt"]
[Result "0-1"]
[WhiteElo "1997"]
[BlackElo "2296"]
[TimeControl "180+1"]
[EndTime "11:17:29 PDT"]
[Termination "Sacbutt won on time"]

1. e4 b6 2. d4 Bb7 3. Bd3 e6 4. Ne2 Bb4+ 5. Nbc3 f5 6. O-O fxe4 7. Nxe4 Nf6 8. Bg5 Be7 9. Bxf6 Bxf6 10. c3 O-O 11. N2g3 Nc6 12. Qh5 g6 13. Qh3 Ne7 14. Rae1 Nd5 15. Nxf6+ Qxf6 16. Ne4 Qg7 17. g3 Rf3 18.
Be2 Nf4 19. Qg4 Nxe2+ 20. Rxe2 Raf8 21. Ng5 R3f5 22. f4 Ba6 23. Rfe1 Bxe2 24. Qxe2 c5 25. Ne4 cxd4 26. Nd6 Rd5 27. Nc4 dxc3 28. Ne5 cxb2 29. Qxb2 d6 30. Nc4 Qxb2 31. Nxb2 e5 32. fxe5 dxe5 33.
Nc4 Re8 34. Kf2 b5 35. Ne3 Rd2+ 36. Kf3 Rxh2 37. Ng4 e4+ 38. Kf4 Rf8+ 39. Ke5 Rxa2 40. Rh1 h5 41. Nf6+ Kg7 42. Nd5 Re8+ 43. Kd6 e3 44.
Rc1 e2 45. Rc7+ Kh6 46. Nf6 e1=Q 47. Rh7+ Kg5 48. Rf7 Qe6+ 0-1

[Event "*** SCC Grand Prix: Titled Tuesday Blitz"]
[Site "Chess.com"]
[Date "2020.10.13"]
[Round "7"]
[White "Mbneu"]
[Black "Slovak_fighter2000"]
[Result "0-1"]
[WhiteElo "2242"]
[BlackElo "2397"]
[TimeControl "180+1"]
[EndTime "11:17:32 PDT"]
[Termination "Slovak_fighter2000 won by resignation"]

1. d4 Nf6 2. c4 e5 3. Nf3 exd4 4. Nxd4 Nc6 5. Nxc6 bxc6 6. g3 Bc5 7. Bg2 Rb8 8. O-O h5 9. Bg5 Qe7 10. b3 Qe5 11.
Bxf6 Qxf6 12. Nd2 Be7 13. Ne4 Qe5 14. Qd3 d6 15. Nc3 Bd7 16. f4 Qc5+ 17. e3 h4 18. Qd4 Qxd4 19. exd4 hxg3 20. hxg3 Bf6 21. Rad1 c5 22. Ne2 cxd4 23. Nxd4 O-O 24. Kf2 Rfe8 25.
Rfe1 Rxe1 26. Kxe1 a5 27. Bc6 Bg4 28. Rd2 g5 29. Bf3 Bd7 30. Kf2 gxf4 31. gxf4 Kf8 32. Kg3 a4 33. Bg4 Be8 34. bxa4 Bxa4 35. Nf5 Rb4 36.
c5 dxc5 37. Rd5 Rc4 38. Ne3 Rc3 39. Kf2 Bd4 40. Rxd4 cxd4 41. Nd5 Rc2+ 42. Kf3 Bc6 43. Ke4 Bxd5+ 44. Kxd5 d3 45. Bf5 Rxa2 46. Bxd3 Rd2 47. Ke4 Rxd3 48. Kxd3 Ke7 49. Kc4 Ke6 50. Kc5 Kf6 51. Kc6 Kf5 52. Kxc7 Kxf4 53. Kd6 f5 54. Kd5 Ke3 0-1

[Event "*** SCC Grand Prix: Titled Tuesday Blitz"]
[Site "Chess.com"]
[Date "2020.10.13"]
[Round "7"]
[White "kakakz"]
[Black "MisiekZielony"]
[Result "0-1"]
[WhiteElo "2351"]
[BlackElo "2254"]
[TimeControl "180+1"]
[EndTime "11:17:34 PDT"]
[Termination "MisiekZielony won by resignation"]

1. d4 d5 2. c4 c6 3. Nf3 Nf6 4. g3 g6 5. Bg2 Bg7 6. Nc3 O-O 7.
O-O Ne4 8. cxd5 Nxc3 9. bxc3 cxd5 10. Ne5 b6 11. c4 Bb7 12. cxd5 Bxd5 13. e4 Bb7 14.
Ba3 Nc6 15. Nxc6 Bxc6 16. Rc1 Bb5 17. Re1 Bxd4 18. e5 Rb8 19. e6 f6 20. Bxe7 Bxf2+ 21. Kxf2 Qxe7 22. Qd5 a6 23. Qd4 Rfd8 24. Qf4 Rd6 25.
Bh3 Rbd8 26. Rc2 f5 27. Qb4 Bd3 28. Rd2 Be4 29. Ree2 a5 30. Qa3 Kf8 31. Qc3 Kg8 32. Qa3 Kf8 33. Rxd6 Qxd6 34. Qb2 Qd4+ 35. Qxd4 Rxd4 36. Rb2 Rd6 37. Ke3 Rxe6 38. Kd4 Ke7 39. Bf1 Rd6+ 40. Ke5 Rd5+ 41. Kf4 Rd6 42. Bc4 Kf6 43.
h4 h6 44. g4 g5+ 45. hxg5+ hxg5+ 46. Ke3 Ke5 47. gxf5 Bxf5 48. Rb5+ Kf6 49. Bd5 Bd7 0-1

[Event "*** SCC Grand Prix: Titled Tuesday Blitz"]
[Site "Chess.com"]
[Date "2020.10.13"]
[Round "7"]
[White "wonderfultime"]
[Black "Tooweak2slow03"]
[Result "0-1"]
[WhiteElo "2905"]
[BlackElo "2777"]
[TimeControl "180+1"]
[EndTime "11:17:35 PDT"]
[Termination "Tooweak2slow03 won on time"]

1. d4 e6 2. Nf3 f5 3. g3 b6 4. Bg2 Bb7 5. O-O Nf6 6. c4 Be7 7. Nc3 Ne4 8. Qc2 Nxc3 9. Qxc3 Bf6 10. Qb3 O-O 11. d5 Na6 12. Be3 Qe7 13. Rfd1 d6 14. Nd4 Bxd4 15. Bxd4 e5 16. Bc3 Nc5 17. Qc2 f4 18. b4 Nd7 19. Rab1 Rf6 20. c5 Bc8 21.
cxd6 cxd6 22. Rbc1 Nf8 23. Bb2 Bf5 24. Qc7 Qe8 25.
gxf4 Qg6 26. Kh1 Qh5 27. Bf3 Qh4 28. Rg1 Rg6 29. fxe5 Rc8 30. exd6 Rxc7 31. dxc7 Bc8 32. d6 Nd7 33. a3 Rxg1+ 34. Rxg1 Nf6 35. Be5 g6 36.
Rd1 Bd7 37. Rc1 Bc8 38. Bg3 Qd4 39. e3 Qd3 40. Be5 Qf5 41. Bf4 g5 42. Rg1 h6 43.
Bg2 Ne4 44. Bg3 Nxf2+ 45. Bxf2 Qxf2 46. e4 Qd4 47. e5 Qxe5 48. Rd1 Qe2 49. Rf1 Qd3 50.
Rf6 Kg7 0-1